Map: Dusk Towers

Players

AcerNerchio (Nerchio)

  • Race: Zerg Zerg

speaknow (ByuN) - Winner!

  • Race: Terran Terran
  • League: Platinum

VOD

Have the link to the VOD?

Description

Time

  • Played on: Dec. 14, 2015, 11:43 p.m.
  • Length: 12:30
Show
View Real Time Build Order
Export as new Build Order

AcerNerchio Zerg 

Build Orders: Hatch First 

Get SALT Encoding   

  12  0:01  Drone  
  13  0:12  Overlord  
  13  0:17  Drone  
  14  0:30  Drone  
  14  0:31  Drone  
  14  0:34  Drone  
  17  0:52  Hatchery  
  17  0:55  Drone  
  17  0:58  Drone  
  18  1:11  Spawning Pool  
  18  1:14  Drone  
  18  1:17  Drone  
  19  1:19  Extractor  
  18  1:28  Drone  
  19  1:38  Overlord  
  19  1:58  Zergling x2  
  19  1:59  Queen  
  22  2:04  Queen, Zergling x4  
  26  2:11  Drone  
  27  2:16  Roach Warren  
  27  2:22  Drone  
  27  2:24  Drone  
  27  2:28  Drone  
  29  2:33  Drone  
  30  2:39  Drone  
  30  2:43  Queen  
  32  2:45  Overlord  
  32  2:50  Drone  
  33  2:54  Drone  
  33  2:57  Drone  
  35  3:08  Hatchery  
  35  3:11  Drone x2  
  36  3:15  Drone x2  
  36  3:19  Drone  
  39  3:22  Drone  
  39  3:23  Drone  
  39  3:25  Overlord  
  41  3:28  Drone  
  41  3:33  Overlord  
  42  3:46  Roach x3  
  48  3:50  Overlord  
  48  3:51  Drone x2  
  48  3:54  Drone x3  
  54  3:55  Drone  
  54  3:59  Burrow  
  54  4:02  Extractor  
  53  4:11  Spore Crawler  
  53  4:12  Spore Crawler  
  53  4:13  Drone x3  
  54  4:19  Drone  
  55  4:25  Drone  
  55  4:26  Drone x7  
  63  4:38  Ravager x3  
  64  4:43  Evolution Chamber, Drone  
  64  4:44  Drone x2, Extractor  
  65  4:45  Evolution Chamber  
  65  4:50  Overlord, Extractor  
  65  4:51  Drone  
  65  4:52  Drone x2  
  66  4:54  Drone  
  66  4:55  Drone  
  66  4:57  Drone  
  66  4:59  Drone  
  70  5:01  Zergling x2  
  71  5:07  Zergling x4  
  72  5:18  Drone, Spore Crawler  
  72  5:26  Drone x7  
  79  5:36  Drone x2, Zerg Melee Weapons Level 1  
  79  5:37  Lair, Zerg Ground Armor Level 1  
  79  5:38  Drone  
  79  5:41  Overlord x2  
  82  5:45  Extractor  
  82  5:46  Extractor  
  82  5:47  Overlord x2  
  80  5:56  Overlord  
  80  5:57  Metabolic Boost  
  80  6:01  Drone  
  80  6:02  Drone x2  
  83  6:09  Roach x4  
  91  6:12  Roach  
  91  6:15  Hatchery  
  91  6:16  Overlord  
  92  6:28  Spore Crawler, Roach x4  
  92  6:31  Overlord x3  
  98  6:39  Drone x2  
  100  6:40  Infestation Pit  
  100  6:41  Zergling x2  
  100  6:42  Zergling x6  
  103  6:48  Ravager x4  
  103  6:52  Drone  
  108  6:55  Roach x3  
  108  6:59  Zergling x2  
  108  7:00  Zergling x10  
  120  7:01  Pneumatized Carapace  
  120  7:04  Overlord  
  120  7:07  Overlord  
  120  7:09  Overlord  
  120  7:28  Infestor x3  
  126  7:35  Zergling x10  
  122  7:39  Zergling x6  
  122  7:40  Zergling x10  
  124  7:45  Zergling x2  
  124  7:49  Zergling x2  
  124  7:50  Zergling x2  
  124  7:51  Zergling x2  
  123  7:57  Spawning Pool  
  112  8:01  Hive, Zerg Ground Armor Level 2, Zerg Melee Weapons Level 2  
  96  8:06  Zergling x10  
  96  8:11  Drone  
  96  8:12  Drone x2  
  104  8:13  Drone  
  104  8:14  Drone  
  104  8:16  Drone  
  104  8:17  Drone  
  104  8:19  Drone  
  109  8:21  Drone  
  109  8:23  Drone  
  109  8:24  Drone  
  109  8:26  Drone  
  113  8:28  Drone  
  113  8:29  Drone  
  113  8:32  Drone x2  
  117  8:41  Zergling x10  
  121  8:58  Zergling x14  
  121  8:59  Zergling x2  
  121  9:01  Zergling x4  
  131  9:05  Zergling x6  
  131  9:10  Hatchery  
  131  9:16  Ultralisk Cavern  
  126  9:18  Drone x3, Adrenal Glands  
  126  9:19  Drone  
  128  9:25  Zergling x12  
  133  9:36  Zergling x16  
  140  10:00  Hatchery  
  140  10:05  Ultralisk x2  
  140  10:06  Overlord  
  151  10:07  Overlord x4  
  151  10:13  Chitinous Plating  
  150  10:15  Overlord x2  
  150  10:23  Ultralisk  
  156  10:31  Overseer  
  156  10:32  Zergling x2  
  156  10:33  Zergling x12  
  157  10:39  Zergling x8  
  157  10:40  Zergling x2  
  159  10:46  Overseer  
  154  10:53  Ultralisk  
  154  11:00  Zergling x12  
  140  11:12  Ultralisk  
  140  11:16  Drone  
  140  11:17  Drone x3  
  143  11:21  Zergling x4  
  143  11:22  Zergling x2  
  139  11:31  Zergling x8  
  143  11:32  Overseer  
  143  11:34  Zergling x2  
  143  11:37  Zergling x2  
  143  11:38  Zergling x2  
  145  11:41  Zergling x2  
  145  11:44  Zergling x4  
  146  11:48  Zergling x2  
  147  11:57  Zergling x8  
Show
View Real Time Build Order
Export as new Build Order

speaknow Terran - Winner!

Build Orders: Liberator Opening, Reaper Expand, Bio Mine 

Get SALT Encoding   

  12  0:00  SCV  
  13  0:13  SCV  
  14  0:17  Supply Depot  
  14  0:25  SCV  
  15  0:39  SCV  
  15  0:41  Barracks  
  16  0:43  Refinery  
  16  0:51  SCV  
  17  1:03  SCV  
  18  1:15  SCV  
  19  1:27  Orbital Command  
  19  1:28  Reaper  
  20  1:38  Command Center  
  20  1:45  Supply Depot  
  20  1:53  SCV  
  21  2:00  Marine  
  22  2:02  Factory  
  22  2:05  SCV  
  23  2:10  Refinery  
  23  2:17  SCV  
  23  2:20  Barracks Reactor  
  24  2:29  SCV  
  25  2:41  SCV  
  26  2:48  Starport  
  26  2:51  Orbital Command  
  26  2:53  SCV  
  26  2:54  Widow Mine  
  26  2:56  Marine x2  
  31  3:06  SCV  
  31  3:09  Supply Depot  
  32  3:14  Marine x2  
  32  3:18  SCV  
  32  3:19  SCV  
  36  3:25  Factory Tech Lab, Medivac  
  38  3:30  SCV  
  38  3:31  SCV  
  38  3:32  Marine x2  
  38  3:33  Supply Depot  
  42  3:38  Liberator  
  42  3:42  SCV  
  42  3:43  SCV  
  44  3:50  Marine x2  
  44  3:54  SCV  
  50  3:55  SCV  
  51  4:03  Supply Depot  
  51  4:06  SCV  
  51  4:08  SCV, Siege Tank  
  51  4:09  Marine x2  
  58  4:18  SCV  
  58  4:20  SCV  
  59  4:24  Command Center  
  59  4:27  Marine x2  
  59  4:30  SCV  
  61  4:32  SCV  
  61  4:38  Viking  
  63  4:53  SCV x2  
  63  4:56  Refinery x2  
  63  4:57  Factory Reactor, Barracks x2  
  63  4:59  Engineering Bay  
  65  5:00  Engineering Bay  
  65  5:02  Supply Depot  
  65  5:05  SCV  
  65  5:06  SCV  
  67  5:07  Marine  
  67  5:08  Stimpack  
  67  5:09  Starport Reactor  
  65  5:18  SCV x2  
  67  5:25  Marine  
  68  5:30  SCV x2  
  68  5:31  Terran Infantry Weapons Level 1, Terran Infantry Armor Level 1  
  67  5:42  SCV x2  
  69  5:43  Barracks, Marine  
  69  5:44  Factory Tech Lab  
  69  5:46  Barracks  
  69  5:47  Orbital Command  
  69  5:49  Marine x2  
  71  5:52  Marine x2  
  71  5:56  SCV x2  
  78  6:01  Marine  
  79  6:05  Siege Tank  
  79  6:07  Marine x2  
  79  6:10  SCV x2, Marine x2  
  88  6:13  Medivac x2  
  88  6:14  Orbital Command  
  90  6:18  Marine  
  90  6:19  Supply Depot  
  90  6:22  Supply Depot  
  90  6:25  Marine x2  
  93  6:33  Barracks Reactor  
  93  6:34  Barracks Reactor  
  93  6:35  Supply Depot  
  93  6:36  Supply Depot  
  93  6:40  Supply Depot, Marine x3  
  93  6:41  SCV x2, Siege Tank  
  93  6:44  SCV, Marine x2  
  104  6:48  Medivac x2  
  108  6:56  SCV  
  108  6:57  SCV x2  
  108  6:58  Marine x3  
  108  7:01  Supply Depot, Marine x2  
  114  7:02  Supply Depot  
  114  7:07  Armory  
  116  7:12  Combat Shields  
  116  7:13  Marine x4  
  116  7:15  SCV x3  
  123  7:16  Marine x2  
  123  7:17  Refinery  
  123  7:22  Marine x2  
  125  7:23  Marine  
  128  7:31  Siege Tank, Marine x4  
  128  7:34  Marine x2  
  128  7:36  Medivac x2  
  139  7:40  Marine x3  
  141  7:47  Refinery  
  141  7:48  Marine  
  141  7:49  Marine x3  
  140  7:52  Marine x2  
  140  7:58  Marine x3  
  130  8:06  Terran Infantry Armor Level 2, Terran Infantry Weapons Level 2, Marine x2  
  130  8:07  Marine x2  
  130  8:10  Marine x2  
  135  8:14  SCV x2  
  135  8:15  SCV, Factory  
  135  8:16  Marine  
  139  8:23  Medivac  
  139  8:24  Supply Depot  
  139  8:25  Supply Depot  
  141  8:32  Marine x8  
  149  8:35  Drilling Claws  
  149  8:40  Widow Mine  
  151  8:45  Supply Depot x2  
  151  8:48  Command Center  
  150  8:55  Marine  
  150  8:56  Marine x5  
  150  9:01  Marine x3  
  150  9:02  Medivac x2  
  158  9:10  Widow Mine  
  158  9:12  Factory Reactor  
  158  9:13  Marine x3  
  158  9:15  Barracks  
  158  9:16  Barracks  
  156  9:17  Barracks  
  156  9:19  Marine x4  
  152  9:32  Medivac x2  
  152  9:37  Marine x4  
  152  9:38  Widow Mine, Marauder  
  162  9:41  Ghost Academy  
  154  9:56  Marine x4  
  154  9:57  Marine x4  
  154  9:59  Marauder  
  164  10:06  Widow Mine  
  162  10:11  Widow Mine x2  
  162  10:12  Barracks Tech Lab x2  
  162  10:13  Barracks Tech Lab  
  166  10:14  Planetary Fortress  
  166  10:34  Marine x2  
  164  10:47  Marine  
  164  10:48  Ghost x4, Marine x4  
  134  11:17  Ghost x4  
  135  11:21  Marine x5  
  135  11:22  Marine  
  135  11:23  Medivac x2  
  140  11:35  Concussive Shells  
  140  11:38  Widow Mine x3  
  143  11:45  Ghost x3  
  143  11:46  Ghost  
Tags
 
Add a new tag
Caveats
  • Supply blocks, unpowered buildings, or Contaminate may cause inaccurate times.
  • Supply counts are checked every 10 seconds.